 Dungeon Crawl Stone Soup version 0.30.1-11-g7821555f0a (webtiles) character file.

Game seed: 6646683415435085616

9620 lonewolfV2 the Fighter (level 11, -2/92 HPs)
             Began as a Formicid Fighter on Dec 6, 2023.
             Was a Priest of Qazlal.
             Slain by a boulder beetle (14 damage)
             ... on level 10 of the Dungeon.
             The game lasted 00:16:42 (10473 turns).

lonewolfV2 the Fighter (Formicid Fighter)          Turns: 10473, Time: 00:16:43

Health: -2/92      AC: 21    Str: 25    XL:     11   Next: 77%
Magic:  0/16       EV:  7    Int:  9    God:    Qazlal [***...]
Gold:   650        SH: 11    Dex: 15    Spells: 10/10 levels left

rFire   + . .        G - +3 battleaxe (heavy)
rCold   . . .        c - +0 buckler
rNeg    . . .        H - +0 plate armour
rPois   .            (helmet unavailable)
rElec   .            (no cloak)
rCorr   .            p - +0 pair of gloves
SInv    +            t - +0 pair of boots
Will    ++...        r - amulet of guardian spirit Stlth
                     f - ring of flight
HPRegen 0.35/turn    m - ring "Jutatum" {rF+ Will+ AC+4 Str+3}
MPRegen 0.15/turn

%: guardian spirit
@: flying
A: permanent stasis, dig shafts and tunnels, antennae 3, four strong arms
a: Dig, Shaft Self, Renounce Religion, Upheaval, Elemental Force


You were on level 10 of the Dungeon.
You worshipped Qazlal.
Qazlal was most pleased with you.
You visited 1 branch of the dungeon, and saw 11 of its levels.
You also visited: Ossuary.

You collected 650 gold pieces.

Inventory:

Hand Weapons
 a - a +1 war axe of protection
 G - a +3 heavy battleaxe (weapon)
Missiles
 x - 2 throwing nets
Armour
 c - a +0 buckler (worn)
 p - a +0 pair of gloves (worn)
 t - a +0 pair of boots (worn)
 y - the +4 robe of Augmentation {Str+4 Int+4 Dex+4}
   (You found it on level 9 of the Dungeon)

   Str:       It affects your strength (+4).
   Int:       It affects your intelligence (+4).
   Dex:       It affects your dexterity (+4).
 H - a +0 plate armour (worn)
Jewellery
 f - a ring of flight (left hand)
 k - a ring of willpower
 m - the ring "Jutatum" (right hand) {rF+ Will+ AC+4 Str+3}
   (You found it on level 2 of the Dungeon)

   [ring of protection]

   AC:        It affects your AC (+4).
   Str:       It affects your strength (+3).
   rF:        It protects you from fire.
   Will:      It increases your willpower.
 q - a ring of positive energy
 r - an amulet of guardian spirit (around neck)
Wands
 e - a wand of mindburst (7)
 s - a wand of charming (10)
 w - a wand of acid (12)
 E - a wand of polymorph (5)
Scrolls
 n - a scroll of fear
 o - a scroll of amnesia
 u - 3 scrolls of poison
 A - 2 scrolls of magic mapping
 B - a scroll of identify
 C - a scroll of fog
Potions
 b - a potion of brilliance
 d - 2 potions of might
 h - 6 potions of mutation
 i - a potion of curing
 j - 4 potions of lignification
 l - a potion of attraction
 v - a potion of resistance
 z - a potion of magic
 D - a potion of ambrosia
 F - a potion of invisibility


   Skills:
 + Level 10.4 Fighting
 - Level 6.6(7.6) Axes
 - Level 5.8(7.2) Polearms
 - Level 10.1 Armour
 - Level 10.2 Shields
 * Level 6.7 Invocations


You had 10 spell levels left.
You didn't know any spells.
Your spell library contained the following spells:

 Spells                   Type           Power      Damage    Failure   Level
 Kiss of Death            Conj/Necr      0%         2d5       99%         1
 Lesser Beckoning         Tloc           0%         N/A       100%        2
 Confusing Touch          Hex            0%         N/A       100%        3
 Gell's Gravitas          Tloc           0%         N/A       100%        3
 Stone Arrow              Conj/Erth      0%         3d7       100%        3
 Summon Guardian Golem    Hex/Summ       0%         N/A       100%        3
 Teleport Other           Tloc           0%         N/A       100%        3
 Animate Armour           Summ/Erth      0%         N/A       100%        4
 Dispel Undead            Necr           0%         3d6       100%        4
 Orb of Destruction       Conj           0%         9d5       100%        7
 Spellforged Servitor     Conj/Summ      0%         N/A       100%        7
 Lehudib's Crystal Spear  Conj/Erth      0%         10d2      100%        8


Dungeon Overview and Level Annotations

Branches:
Dungeon (11/15)            Temple (0/1) D:6            Lair (0/5) D:8
Ossuary (visited)
    Orc: D:9-12

Altars:
Ashenzari
Cheibriados
Dithmenos
Elyvilon
Hepliaklqana
Kikubaaqudgha
Nemelex Xobeh
Okawaru
Qazlal
Ru
Trog
Uskayaw
Vehumet
Wu Jian
Zin
The Shining One

Shops:
D:3 *   D:4 =   D:8 (=?*   D:10 [


Innate Abilities, Weirdness & Mutations

You cannot be hasted, slowed, berserked, paralysed or teleported.
You can dig through walls and to a lower floor.
You have a pair of large antennae on your head. (SInv)
Your four strong arms can wield two-handed weapons with a shield.


Message History

* * * LOW HITPOINT WARNING * * *
You block the yak's attack.
You fly upwards.
There is a stone staircase leading down here.
You hit the boulder beetle but do no damage.
The boulder beetle is lightly wounded.
You slash the komodo dragon! You slice the yak!! You barely miss the yak.
You block the komodo dragon's attack. You block the boulder beetle's attack.
The yak gores you but does no damage. x2; The komodo dragon bites you.
* * * LOW HITPOINT WARNING * * *
The boulder beetle barely misses you. The yak gores you but does no damage.
You block the yak's attack.
You carve the yak like a ham!!!
You kill the yak!
Qazlal accepts your kill.
You hit the komodo dragon but do no damage.
You hit the boulder beetle but do no damage.
You hit the yak. The komodo dragon bites you!!
* * * LOW HITPOINT WARNING * * *
The boulder beetle leaps!
The yak gores you but does no damage. The komodo dragon bites you.
* * * LOW HITPOINT WARNING * * *
The yak gores you but does no damage.
You feel better. You block the komodo dragon's attack. The yak gores you.
* * * LOW HITPOINT WARNING * * *
You feel better. You block the komodo dragon's attack.
The yak gores you but does no damage.
The komodo dragon attacks as you move away!
The komodo dragon bites you.
* * * LOW HITPOINT WARNING * * *
You slice the komodo dragon!!
You kill the komodo dragon!
Qazlal accepts your kill.
You slice the yak!!
You kill the yak!
Qazlal accepts your kill.
You slash the boulder beetle!
The boulder beetle is lightly wounded.
The boulder beetle bites you!
You die...

#.# #.# #.# ###.# #.#
#.#
####...####.####.####
#....................
#....................
#.(##################
#..#..........)[.....
###..#>..........)....<
#....#@#####'########..
#....#B#............#..
#....#..............#..
#....#.....#######..#..
#....#.....#.....#..#..
###.!#.....'.....#..#..
##))#.#...#.....#..#..
#..)..#..^#.....#..#..
###..)..#...#.....#..#..


You could see a boulder beetle.

Vanquished Creatures
  3 death yaks
  A manticore (D:10)
  2 unseen horrors
  A kobold demonologist (D:10)
  2 komodo dragons (D:10)
  A troll (D:11)
  A jumping spider (shapeshifter) (D:7)
  A wyvern (D:7)
  A wraith (D:6)
  A vampire (D:5)
  4 yaks
  3 steam dragons
  A water moccasin (D:5)
  2 orc warriors
  2 black bears
  2 sky beasts
  2 ice beasts
  2 ogres
  4 centaurs
  3 phantoms
  2 kobold brigands (D:9)
  3 bullfrogs
  3 scorpions
  2 gnoll sergeants
  14 wights
  5 howler monkeys
  A centaur zombie (Ossuary)
  2 jellies
  2 gnoll boudas
  A human zombie (Ossuary)
  6 orc priests
  2 sleepcaps
  4 hounds
  5 iguanas
  12 orc wizards
  A hell rat (D:8)
  4 mummies (Ossuary)
  Robin (D:2)
  26 gnolls
  A river rat (D:8)
  9 adders
  2 white imps
  3 ufetubi
  4 worms
  4 dart slugs
  41 orcs
  6 endoplasms
  3 giant cockroaches
  18 goblins
  9 hobgoblins
  7 jackals
  9 quokkas
  11 ball pythons
  4 bats
  2 frilled lizards
  2 goblin zombies (Ossuary)
  A hobgoblin zombie (Ossuary)
  22 kobolds
  2 kobold zombies (Ossuary)
  An orc zombie (Ossuary)
  13 rats
309 creatures vanquished.

Notes
Turn   | Place    | Note
-------+----------+-------------------------------------------
     0 | D:1      | lonewolfV2 the Formicid Fighter began the quest for the
                  | Orb.
     0 | D:1      | Reached XP level 1. HP: 18/18 MP: 1/1
   149 | D:1      | Reached XP level 2. HP: 24/24 MP: 2/2
   556 | D:1      | Reached XP level 3. HP: 30/30 MP: 3/3
  1666 | D:2      | Reached XP level 4. HP: 37/37 MP: 4/4
  1682 | D:2      | Found a faded altar of an unknown god.
  1782 | D:2      | Identified the ring "Jutatum" {rF+ Will+ AC+4 Str+3}
  1822 | D:2      | Noticed Robin
  1831 | D:2      | Killed Robin
  2015 | D:3      | Found Bienyosi's General Store.
  2175 | D:3      | Noticed a phantom
  2179 | D:3      | Reached XP level 5. HP: 43/43 MP: 5/5
  2182 | D:3      | Killed a phantom
  2183 | D:3      | Reached skill level 5 in Fighting
  2446 | D:3      | Reached XP level 6. HP: 51/51 MP: 6/6
  2932 | D:4      | Found a sand-covered staircase.
  2937 | Ossuary  | Entered an ossuary
  3152 | Ossuary  | Reached skill level 5 in Axes
  3231 | D:4      | Found Uhaserr's Jewellery Shop.
  3250 | D:4      | Reached XP level 7. HP: 58/58 MP: 7/7
  3328 | D:4      | Reached skill level 1 in Polearms
  3860 | D:5      | Entered Level 5 of the Dungeon
  3865 | D:5      | Noticed a steam dragon
  3889 | D:4      | Reached skill level 5 in Shields
  3890 | D:4      | Reached XP level 8. HP: 37/64 MP: 8/8
  3982 | D:5      | Noticed an unseen horror
  3994 | D:5      | Killed an unseen horror
  3997 | D:5      | Reached skill level 5 in Polearms
  4061 | D:5      | Noticed a vampire
  4074 | D:5      | Killed a vampire
  4075 | D:5      | Reached XP level 9. HP: 46/69 MP: 9/9
  4481 | D:5      | Found a bloodstained altar of Trog.
  4753 | D:5      | Found a stormy altar of Qazlal.
  4824 | D:5      | Became a worshipper of Qazlal Stormbringer
  5037 | D:6      | Reached skill level 5 in Armour
  5097 | D:6      | Found a staircase to the Ecumenical Temple.
  5356 | D:6      | Reached * piety under Qazlal
  5403 | D:6      | Reached XP level 10. HP: 42/75 MP: 10/10
  5771 | D:6      | Reached skill level 10 in Shields
  6395 | D:7      | Reached ** piety under Qazlal
  6601 | D:7      | You are sucked into a shaft and drop 2 floors!
  6646 | D:9      | Found the +4 robe of Augmentation {Str+4 Int+4 Dex+4}
  6687 | D:8      | Found Yhafouda's General Store.
  6813 | D:7      | Found a sparkling altar of Nemelex Xobeh.
  7476 | D:8      | Found a shadowy altar of Dithmenos.
  7477 | D:8      | Found a sacrificial altar of Ru.
  7478 | D:8      | Found an ornate altar of the Wu Jian Council.
  7480 | D:8      | Found a snail-covered altar of Cheibriados.
  7482 | D:8      | Found a glowing silver altar of Zin.
  7482 | D:8      | Found a hazy altar of Hepliaklqana.
  7483 | D:8      | Found a radiant altar of Vehumet.
  7484 | D:8      | Found a broken altar of Ashenzari.
  7484 | D:8      | Found a white marble altar of Elyvilon.
  7485 | D:8      | Found an ancient bone altar of Kikubaaqudgha.
  7541 | D:8      | Found Qed Joq's Jewellery Shop.
  7562 | D:8      | Found a glowing golden altar of the Shining One.
  7606 | D:8      | Noticed a death yak
  7608 | D:8      | Noticed a death yak
  7612 | D:8      | Noticed a death yak
  7624 | D:8      | Killed a death yak
  7637 | D:7      | Killed a death yak
  7638 | D:7      | Reached XP level 11. HP: 47/87 MP: 8/11
  7864 | D:7      | a meliai changed into a fire crab
  7864 | D:7      | Noticed a fire crab (shapeshifter)
  7866 | D:7      | a fire crab changed into a harpy
  7866 | D:7      | Noticed a harpy (shapeshifter)
  7874 | D:7      | a harpy changed into a komodo dragon
  7881 | D:7      | HP: 4/87 [jumping spider (shapeshifter) (11)]
  7890 | D:7      | Killed a death yak
  8328 | D:8      | Reached skill level 10 in Armour
  8357 | D:8      | Found a staircase to the Lair.
  8365 | D:8      | Found Opruod's Magic Scroll Shoppe.
  8521 | D:8      | Reached *** piety under Qazlal
  8630 | D:8      | Found Urorch Piaq's Weapon Emporium.
  8654 | D:8      | Reached skill level 1 in Invocations
  9522 | D:10     | Entered Level 10 of the Dungeon
  9795 | D:10     | Noticed a manticore
  9802 | D:10     | Killed a manticore
  9803 | D:10     | Reached skill level 10 in Fighting
  9882 | D:10     | Found a hide-covered altar of Uskayaw.
  9925 | D:10     | Reached skill level 5 in Invocations
 10115 | D:10     | Found an iron altar of Okawaru.
 10155 | D:10     | Found Diefeiha's Antique Armour Shoppe.
 10451 | D:11     | Noticed a boulder beetle
 10453 | D:11     | Noticed a boulder beetle
 10464 | D:11     | Noticed a brown ugly thing
 10468 | D:10     | HP: 4/91 [komodo dragon (1)]
 10473 | D:10     | Slain by a boulder beetle

Illustrated notes

Levels and vault maps discovered:
D:1:      co_arrival_random_square_maze, layout_loops_corners, minmay_surrounded
D:2:      layout_loops_ring, shapermc_ecumenical_altar_mp_urbaneastern,
          uniq_robin
D:3:      layout_basic, serial_shops, nicolae_shop_just_a_little_nook
D:4:      layout_loops_ring, nicolae_ossuary_entry_plus, serial_shops,
          nicolae_shop_just_a_little_nook
D:5:      cheibrodos_fzero, layout_gridville,
          mainiacjoe_overflow_catwalk_spiral, minmay_gold_behind_fungi,
          kennysheep_generic_room_15
D:6:      layout_cave_pools, minmay_temple_entry_sparse_star,
          serial_column_ruins, column_ruins_hut, column_ruins_hut_pillars,
          column_ruins_open_tiny, column_ruins_open_tiny,
          column_ruins_corridor_straight, column_ruins_grid_1
D:7:      layout_basic, lemuel_tele_altar, enter_bailey_3, minmay_hedge_maze
D:8:      layout_loops_ring, tso_metal_star, nicolae_overflows_in_rows,
          dpeg_lair_monsters, serial_shops, nicolae_shop_tiny_real_fake_doors,
          nicolae_shop_window_shopping, shop, nicolae_shop_window_shopping,
          item_on_display_a
D:9:      layout_gridville
D:10:     layout_basic, general_overflow_altar, okawaru_trees_1, serial_shops,
          shop, small_chamber_with_monster
D:11:     layout_cross

Skill      XL: |  1  2  3  4  5  6  7  8  9 10 11 |
---------------+----------------------------------+-----
Fighting       | 4 5 6 8 10 | 10.4
Axes           | 3 4 5 6 |  6.6
Polearms       | 3 5 |  5.8
Shields        | 5 6 9 10 | 10.2
Armour         | 6 9 10 | 10.1
Invocations    | 6 |  6.7

Action                     |  1- 3 |  4- 6 |  7- 9 | 10-12 || total
---------------------------+-------+-------+-------+-------++-------
  Melee: War axe           |   105 |   163 |   202 |   431 ||   901
         Battleaxe         |       |       |       |    29 ||    29
Ability: Dig               |     1 |       |       |       ||     1
  Evoke: Wand              |       |       |       |     1 ||     1
    Use: Scroll            |     4 |     8 |     4 |    11 ||    27
         Potion            |       |       |     7 |    11 ||    18
 Armour: Chain mail        |    68 |    99 |   181 |   295 ||   643
         Scale mail        |     1 |       |       |       ||     1
         Plate armour      |       |       |       |    41 ||    41
  Dodge: Dodged            |    48 |    52 |   133 |   161 ||   394
  Block: Buckler           |    22 |    37 |    94 |   324 ||   477
